 Dungeon Crawl Stone Soup version 0.22-a0-110-g5b255cf (webtiles) character file.

1001 Kavrick the Chopper (level 8, -6/62 HPs)
             Began as a Demonspawn Fighter on Jan 27, 2018.
             Was an Initiate of Okawaru.
             Killed by nerve-wracking pain
             ... invoked by barakagiga2's ghost
              (13 damage)
             ... on level 5 of the Dungeon.
             The game lasted 00:09:00 (4312 turns).

Kavrick the Chopper (Demonspawn Fighter)            Turns: 4312, Time: 00:09:01

Health: -6/62      AC: 15    Str: 20    XL:     8   Next: 0%
Magic:  8/8        EV:  5    Int:  9    God:    Okawaru [......]
Gold:   291        SH: 10    Dex: 12    Spells: 7/7 levels left

rFire    . . .     SeeInvis .   a - +0 war axe
rCold    . . .     Gourm    .   c - +0 shield
rNeg     . . .     Faith    .   z - +0 chain mail
rPois    .         Spirit   .   u - +2 helmet
rElec    .         Reflect  .   (no cloak)
rCorr    .         Harm     .   (no gloves)
MR       .....                  (no boots)
Stlth    ..........             (no amulet)
HPRegen  0.20/turn              (no ring)
MPRegen  0.11/turn              (no ring)

@: no status effects
A: claws 2, yellow scales 2
a: Renounce Religion


You were on level 5 of the Dungeon.
You worshipped Okawaru.
Okawaru was noncommittal.
You were not hungry.

You visited 2 branches of the dungeon, and saw 6 of its levels.

You collected 291 gold pieces.

Inventory:

Hand Weapons
 a - a +0 war axe (weapon)
Armour
 b - a +0 scale mail
 c - a +0 shield (worn)
 u - a +2 helmet (worn)
 z - a +0 chain mail (worn)
Jewellery
 i - a cursed ring of loudness {unknown}
 k - an uncursed ring of wizardry {unknown}
 m - a cursed ring of loudness {unknown}
 D - an uncursed amulet of harm {unknown}
Wands
 v - a wand of flame (25)
 y - a wand of polymorph (8)
Scrolls
 j - a scroll of fear {unknown}
 l - 4 scrolls of identify {unknown}
 o - a scroll of random uselessness {unknown}
 r - 3 scrolls of teleportation {unknown}
 w - 4 scrolls of remove curse {unknown}
 A - a scroll of magic mapping {unknown}
 B - 4 scrolls of noise {unknown}
Potions
 d - a potion of invisibility {unknown}
 e - a potion of lignification {unknown}
 h - 7 potions of curing {unknown}
 n - a potion of magic {unknown}
 p - a potion of heal wounds {unknown}
 q - a potion of brilliance {unknown}
 s - 4 potions of haste {unknown}
 t - a potion of mutation {unknown}
 x - a potion of degeneration {unknown}
 C - a potion of agility {unknown}
Comestibles
 f - 13 rations
 g - 7 chunks of flesh


   Skills:
 + Level 5.1 Fighting
 * Level 5.6 Axes
 + Level 4.5 Armour
 + Level 4.6 Shields


You had 7 spell levels left.
You didn't know any spells.

Dungeon Overview and Level Annotations

Branches:
Dungeon (5/15)             Temple (1/1) D:4

Altars:
Ashenzari
Cheibriados
Dithmenos
Elyvilon
Fedhas
Gozag
Hepliaklqana
Kikubaaqudgha
Makhleb
Nemelex Xobeh
Okawaru
Qazlal
Ru
Sif Muna
Trog
Uskayaw
Vehumet
Wu Jian
Xom
Yredelemnul
Zin
The Shining One

Annotations:
D:5 barakagiga2's ghost, novice DsNe


Innate Abilities, Weirdness & Mutations

You have very sharp fingernails.
You are mostly covered in yellow scales. (AC +3)


Message History

Barakagiga2's ghost hits you but does no damage.
You slash barakagiga2's ghost!
Barakagiga2's ghost is heavily damaged.
Barakagiga2's ghost hits you.
* * * LOW HITPOINT WARNING * * *
Barakagiga2's ghost burns you.
* * * LOW HITPOINT WARNING * * *
You miss barakagiga2's ghost.
Barakagiga2's ghost is heavily damaged.
You block barakagiga2's ghost's attack.
You closely miss barakagiga2's ghost.
Barakagiga2's ghost is heavily damaged.
Barakagiga2's ghost hits you.
* * * LOW HITPOINT WARNING * * *
Barakagiga2's ghost burns you.
* * * LOW HITPOINT WARNING * * *
Barakagiga2's ghost shrieks, "I have seen your future, and it is all used up."
Barakagiga2's ghost points at you and mumbles some strange words.
Pain shoots through your body!
You die...

#... . ...# #...
.### #..# # #.#.
#..#####.# ...#
#..#.##$......
###...###..#........
.)..... .......†..#
......# #.# #W.#
###.#.###.## #..#
#.##.#.## #@.#
#####.#.###.## #[.#
.......## ##)###>.#
#####.## ##.)...#
##.## ##.####.#
##.###.## .#
#...#.## .# ##.#####
.# #..÷#.# .#


You could see barakagiga2's ghost.

Vanquished Creatures
  Sigmund (D:3)
  The ghost of Raptoricus the Firebug, an amateur DrFE (D:3)
  A sky beast (D:5)
  An ogre (D:4)
  A bullfrog (D:4)
  A crimson imp (D:5)
  2 hounds
  An orc priest (D:5)
  Ijyb (D:3)
  Terence (D:2)
  A worker ant (D:4)
  Natasha (thrice) (D:2)
  An orc wizard (D:4)
  4 gnolls (D:4)
  4 adders
  A dart slug (D:5)
  2 leopard geckos (D:1)
  12 orcs
  7 giant cockroaches
  10 goblins
  3 hobgoblins
  4 jackals (D:4)
  8 kobolds
  2 quokkas
  A ball python (D:5)
  11 bats
  6 frilled lizards
  8 rats
99 creatures vanquished.

Notes
Turn   | Place    | Note
-------+----------+-------------------------------------------
     0 | D:1      | Kavrick the Demonspawn Fighter began the quest for the Orb.
     0 | D:1      | Reached XP level 1. HP: 18/18 MP: 1/1
   117 | D:1      | Gained mutation: You are partially covered in yellow scales. (AC +2) [demonic ancestry]
   117 | D:1      | Reached XP level 2. HP: 17/24 MP: 2/2
   586 | D:1      | Reached XP level 3. HP: 28/29 MP: 3/3
   872 | D:2      | Noticed Natasha
   879 | D:2      | Killed Natasha
   886 | D:2      | Noticed Terence
   893 | D:2      | Reached XP level 4. HP: 33/35 MP: 4/4
   908 | D:2      | Killed Terence
  1066 | D:2      | Noticed Natasha
  1075 | D:2      | Killed Natasha
  1100 | D:2      | Noticed Natasha
  1107 | D:2      | Killed Natasha
  1107 | D:2      | Reached XP level 5. HP: 42/42 MP: 5/5
  1363 | D:3      | Noticed Raptoricus's ghost (amateur DrFE)
  1369 | D:3      | Noticed Ijyb
  1730 | D:3      | Killed Raptoricus's ghost
  1730 | D:3      | Gained mutation: You have sharp fingernails. [demonic ancestry]
  1730 | D:3      | Reached XP level 6. HP: 32/48 MP: 6/6
  1759 | D:3      | Killed Ijyb
  1964 | D:3      | Noticed Sigmund
  1980 | D:3      | Killed Sigmund
  2292 | D:4      | Gained mutation: You are mostly covered in yellow scales. (AC +3) [demonic ancestry]
  2292 | D:4      | Reached XP level 7. HP: 33/55 MP: 7/7
  2708 | D:4      | Found a blossoming altar of Fedhas.
  2960 | D:4      | Reached skill level 5 in Axes
  3079 | D:4      | Found a staircase to the Ecumenical Temple.
  3155 | Temple   | Entered the Ecumenical Temple
  3385 | Temple   | Became a worshipper of Warmaster Okawaru
  3663 | D:5      | Entered Level 5 of the Dungeon
  3999 | D:5      | Reached skill level 5 in Fighting
  4211 | D:5      | Found a burning altar of Makhleb.
  4262 | D:5      | Gained mutation: You have very sharp fingernails. [demonic ancestry]
  4262 | D:5      | Reached XP level 8. HP: 62/62 MP: 8/8
  4283 | D:5      | Noticed barakagiga2's ghost (novice DsNe)
  4312 | D:5      | Killed from afar by barakagiga2's ghost

Vault maps used:
D:1:      dpeg_arrival_snail, minmay_strange_pillars, minmay_tripent
D:2:      first_ration, uniq_terence, uniq_natasha
D:3:      uniq_sigmund, uniq_ijyb
D:4:      fedhas_altar_3, minmay_temple_entry_enclosed_plants,
          hangedman_decor_slide_cut
D:5:      st_stairs_9, makhleb_heckhound_becter
Temple:   roderic_octagonal_lattice_temple

Skill      XL: |  1  2  3  4  5  6  7 |
---------------+----------------------+-----
Axes           | 2 3 4 5 |  5.6
Shields        | 3 4 |  4.6
Armour         | 3 4 |  4.5
Fighting       | 4 5 |  5.1

Action                   |  1- 3 |  4- 6 |  7- 9 || total
-------------------------+-------+-------+-------++-------
Melee: War axe           |   116 |   115 |   210 ||   441
  Use: Potion            |       |       |     1 ||     1
  Eat: Chunk             |       |     5 |     7 ||    12
Armor: Scale mail        |    85 |    38 |       ||   123
       Chain mail        |       |     5 |   148 ||   153
Dodge: Dodged            |    56 |    32 |    37 ||   125
Block: Shield            |    62 |    57 |    81 ||   200

Table legend:
 A = Spawn XP
 B = Non-spawn XP
 C = Spawn XP percentage of total XP
 D = Spawn monster count
 E = Non-spawn monster count
 F = Spawn count percentage of total count
 G = Total turns spent on level
                    A         B        C        D         E        F      G
               +---------+---------+-------+---------+---------+-------+---------
         Total |       0 |    1431 |   0.0 |       0 |      99 |   0.0 |  4312
               +---------+---------+-------+---------+---------+-------+---------
           D:1 |       0 |      51 |   0.0 |       0 |      30 |   0.0 |   776
           D:2 |       0 |     175 |   0.0 |       0 |      17 |   0.0 |   869
           D:3 |       0 |     468 |   0.0 |       0 |      16 |   0.0 |   637
           D:4 |       0 |     431 |   0.0 |       0 |      22 |   0.0 |  1324
           D:5 |       0 |     306 |   0.0 |       0 |      14 |   0.0 |   461
               +---------+---------+-------+---------+---------+-------+---------
